 Dungeon Crawl Stone Soup version 0.29-a0-207-gf982a884d8 (webtiles) character file.

Game seed: 18122226694256424253

42 Hubjo the Sneak (level 3, -4/26 HPs)
             Began as a Vampire Enchanter on Feb 23, 2022.
             Was an Initiate of Ru.
             Slain by Robin
             ... wielding a +1 spear of venom
              (9 damage)
             ... on level 2 of the Dungeon.
             The game lasted 00:03:35 (1033 turns).

Hubjo the Sneak (Vampire Enchanter)                 Turns: 1033, Time: 00:03:38

Health: -4/26      AC:  3    Str:  7    XL:     3   Next: 33%
Magic:  5/5        EV: 12    Int: 17    God:    Ru [......]
Gold:   18         SH:  0    Dex: 16    Spells: 6/6 levels left

rFire   . . .      SeeInvis +   a - +1 dagger
rCold   . . .      Faith    .   (no shield)
rNeg    . . .      Spirit   .   b - +0 robe
rPois   .          Reflect  .   (no helmet)
rElec   .          Harm     .   (no cloak)
rCorr   .          Rampage  .   (no gloves)
Will    .....                   d - +0 pair of boots
Stlth   +++.......              (no amulet)
HPRegen 0.28/turn               (no ring)
MPRegen 0.09/turn               (no ring)

@: lethally poisoned (-4 -> -25), healing quickly
A: alive, fangs 3, see invisible, low MP 1, vampiric 2
a: Exsanguinate, Renounce Religion


You were on level 2 of the Dungeon.
You worshipped Ru.
Ru was noncommittal.
You visited 1 branch of the dungeon, and saw 2 of its levels.

You collected 18 gold pieces.

Inventory:

Hand Weapons
 a - a +1 dagger (weapon)
Armour
 b - a +0 robe (worn)
 d - a +0 pair of boots (worn)
Jewellery
 g - a +6 ring of strength
Scrolls
 f - a scroll of enchant armour {unknown}
 h - a scroll of torment {unknown}
 i - a scroll of vulnerability {unknown}
Potions
 c - 2 potions of invisibility


   Skills:
 * Level 1.2 Fighting
 + Level 1.5 Short Blades
 + Level 2.5 Dodging
 * Level 5.3 Stealth
 - Level 2.0 Spellcasting
 + Level 4.6 Hexes


You had 6 spell levels left.
You didn't know any spells.
Your spell library contained the following spells:

 Spells                   Type           Power      Damage    Failure   Level
 Confusing Touch          Hex            17%        N/A       9%          3
 Tukima's Dance           Hex            17%        N/A       9%          3
 Ensorcelled Hibernation  Hex/Ice        18%        N/A       11%         2
 Dazzling Flash           Conj/Hex       18%        N/A       22%         3


Dungeon Overview and Level Annotations

Branches:
Dungeon (2/15)

Altars:
Ru

Annotations:
D:2 Robin


Innate Abilities, Weirdness & Mutations

Your natural rate of healing is accelerated.
You have razor-sharp teeth.
You have supernaturally acute eyesight. (SInv)
Your magical capacity is low. (-10% MP)
You are afflicted with vampirism and can become a bat while bloodless.


Message History

You are too injured to fight recklessly!
You are too injured to fight recklessly!
You are too injured to fight recklessly!
You hit the goblin.
You kill the goblin!
Things that are here:
a +0 falchion; a goblin corpse
There is a stone staircase leading down, spattered with blood here.
You start resting.
HP restored.
You climb downwards.
Level annotation: Robin The goblin hits you with a +0 dagger.
The goblin hits you but does no damage.
There is a stone staircase leading up, spattered with blood here.
Throw: dart (datura)
Press: ? - help, Q - select action Shift-Dir - straight line, f - Robin
Aim: Robin, wielding a +1 spear of venom, wearing a +0 animal skin and wearing a +0 helmet (67% to hit, chance to frenzy on hit: 100%)
You throw a datura-tipped dart. The datura-tipped dart hits Robin.
Robin flies into a frenzy!
Robin hits the goblin with a +1 spear of venom.
The goblin dies!
Robin hits you from afar with a +1 spear of venom.
Robin barely misses you.
Robin shouts!
Robin shouts!
Robin barely misses you.
Robin hits you from afar with a +1 spear of venom.
You are poisoned.
A bat comes into view.
You feel sick. Robin misses you. The bat hits you but does no damage.
You closely miss the bat.
You feel sick. The bat barely misses you. Robin hits you but does no damage.
You are more poisoned.
You feel very sick.
Robin hits you from afar with a +1 spear of venom.
* * * LOW HITPOINT WARNING * * *
You are more poisoned.
The bat misses you.
Robin hits you from afar with a +1 spear of venom!
You die...

..# .. ... ... #.
..# ...##. ..# ..#.
##.# ...####...
#..##..# #..##@# #
#....b####.#
#####.g#.#...
#......#...##
#.####.##...#
#.####.##.#.†......
#.#...<.(.##.......
######.#....)..#
#..)...
##......#.......#
.(.)..


You could see a bat and the neutral Robin (fast, strong, insane).

Vanquished Creatures
  An endoplasm (D:1)
  A giant cockroach (D:1)
  3 hobgoblins (D:1)
  3 jackals (D:1)
  4 kobolds
  A quokka (D:1)
  4 ball pythons (D:1)
  4 bats (D:1)
  2 frilled lizards (D:1)
  7 goblins (D:1)
  A rat (D:2)
31 creatures vanquished.

Vanquished Creatures (collateral kills)
  3 goblins (D:2)
  A hobgoblin (D:2)
4 creatures vanquished.

Grand Total: 35 creatures vanquished

Notes
Turn   | Place    | Note
-------+----------+-------------------------------------------
     0 | D:1      | Hubjo the Vampire Enchanter began the quest for the Orb.
     0 | D:1      | Reached XP level 1. HP: 13/13 MP: 3/3
   170 | D:1      | Reached XP level 2. HP: 11/20 MP: 5/5
   449 | D:1      | Found a faded altar of an unknown god.
   453 | D:1      | Reached skill level 5 in Stealth
   487 | D:1      | Prayed at the altar of an unknown god.
   487 | D:1      | Became a worshipper of Ru the Awakened
   506 | D:1      | Gained mutation: Your magical capacity is low. (-10% MP)
                  | [Ru sacrifice]
   581 | D:1      | Reached skill level 1 in Fighting
   837 | D:1      | Gained mutation: You are afflicted with vampirism and can
                  | become a bat while bloodless. [Vampire growth]
   837 | D:1      | Reached XP level 3. HP: 26/26 MP: 5/5
   949 | D:2      | Noticed Robin
  1033 | D:2      | Slain by Robin

Illustrated notes

Levels and vault maps discovered:
D:1:      heliophobic_arrival_glass_houses, layout_loops_cross,
          ebering_ecumenical_altar_webs
D:2:      layout_rooms, minmay_statues_item, chequers_serial_rivers_room_b,
          uniq_robin

Skill      XL: |  1  2 |
---------------+-------+-----
Stealth        | 5 |  5.3
Fighting       | 1 |  1.2
Short Blades   | |  1.5
Dodging        | |  2.5
Spellcasting   | |  2.0
Hexes          | |  4.6

Action                   || total
-------------------------++-------
Melee: Dagger            ||   104
       Bite              ||    10
       Punch             ||     2
Throw: Dart              ||     2
Invok: Sacrifice Essence ||     1
 Stab: Sleeping          ||     7
Armor: Robe              ||    38
Dodge: Dodged            ||    85

Table legend: (Time is in decaauts)
 A = Elapsed time spent in this place.
 B = Non-inter-level travel time spent in this place.
 C = Inter-level travel time spent in this place.
 D = Time resting spent in this place.
 E = Time spent auto-exploring this place.
 F = Levels seen in this place.
 G = Mean time per level.
                   A        B        C        D        E       F      G
               +--------+--------+--------+--------+--------+-----+--------+
         Total |   1031 |   1029 |      2 |    145 |    506 |   2 |  515.5 |
       Dungeon |   1031 |   1029 |      2 |    145 |    506 |   2 |  515.5 |
               +--------+--------+--------+--------+--------+-----+--------+

Top non-repeatable levels by time:
     D:1: 939 daAuts
     D:2: 92 daAuts
